 Dungeon Crawl Stone Soup version 0.22.0-75-g3901e79 (console) character file.

126 erker the Changer (level 5, -5/33 HPs)
             Began as an Octopode Transmuter on Sept 14, 2018.
             Was a Follower of Cheibriados.
             Shot with an arrow by a centaur (9 damage)
             ... on level 3 of the Dungeon.
             The game lasted 00:08:42 (2154 turns).

erker the Changer (Octopode Transmuter)             Turns: 2154, Time: 00:08:43

Health: -5/33      AC:  4    Str: 12    XL:     5   Next: 9%
Magic:  0/9        EV: 13    Int: 20    God:    Cheibriados [*.....]
Gold:   215        SH:  0    Dex: 15    Spells: 2/9 levels left

rFire    . . .     SeeInvis .     - Unarmed
rCold    . . .     Gourm    .   (no shield)
rNeg     . . .     Faith    .   (helmet restricted)
rPois    .         Spirit   .   (no amulet)
rElec    .         Reflect  .   d - +3 ring of protection
rCorr    .         Harm     .   (no ring)
MR       .....                  (no ring)
Stlth    ++........             (no ring)
HPRegen  0.11/turn              (no ring)
MPRegen  0.11/turn              (no ring)
                                (no ring)
                                (no ring)

@: very slow
A: almost no armour, stealthy swim, amphibious, 8 rings, constrict 8, camouflage
1, gelatinous body 1
a: Bend Time, Renounce Religion


You were on level 3 of the Dungeon.
You worshipped Cheibriados.
Cheibriados was aware of your devotion.
You were not hungry.

You visited 1 branch of the dungeon, and saw 3 of its levels.

You collected 215 gold pieces.

Inventory:

Missiles
 a - 25 arrows
 f - 18 sling bullets
Jewellery
 d - a +3 ring of protection (left tentacle)
 p - an uncursed amulet of the gourmand {unknown}
Scrolls
 b - a scroll of enchant weapon {unknown}
 e - a scroll of magic mapping {unknown}
 j - a scroll of identify {unknown}
 k - 3 scrolls of teleportation {unknown}
 m - a scroll of blinking {unknown}
 o - 4 scrolls of remove curse {unknown}
 r - a scroll of enchant armour {unknown}
Potions
 i - a potion of degeneration {unknown}
 l - 2 potions of haste {unknown}
 n - 2 potions of brilliance {unknown}
 q - a potion of resistance {unknown}
Comestibles
 c - 5 rations
 h - 3 chunks of flesh


   Skills:
 + Level 1.0 Fighting
 + Level 2.0 Dodging
 + Level 3.2 Unarmed Combat
 + Level 2.8 Spellcasting
 + Level 3.3 Transmutations
 * Level 2.4 Ice Magic


You had 2 spell levels left.
You knew the following spells:

 Your Spells              Type           Power        Failure   Level  Hunger
a - Beastly Appendage     Tmut           ###...       3%          1    None
t - Sticks to Snakes      Tmut           ###.....     5%          2    ##.....
y - Ice Form              Ice/Tmut       ##......     41%         4    ####...

Your spell library contained the following spells:

 Spells                   Type           Power        Failure   Level  Hunger
 Spider Form              Tmut/Pois      #.........   22%         3    ###....
 Blade Hands              Tmut           ###.......   69%         5    ######.


Dungeon Overview and Level Annotations

Branches:
Dungeon (3/15)

Altars:
Ashenzari
Cheibriados
Gozag
Hepliaklqana
Sif Muna
Uskayaw


Innate Abilities, Weirdness & Mutations

You cannot wear most types of armour.
You are very stealthy in the water. (Stealth+)
You are amphibious.
You can wear up to eight rings at the same time.
You can use your tentacles to constrict eight enemies at once.
Your skin changes colour to match your surroundings (Stealth+).
Your rubbery body absorbs attacks. (AC +1, EV +1)


Message History

Your ball python bites the centaur.
Casting: Sticks to Snakes (safe; 5% risk of failure)
Confirm with . or Enter, or press ? or * to list all spells.
You create a snake!
You now have 26 arrows.
The centaur shoots an arrow.
The arrow hits your ball python!
Your ball python dies!
Your ball python bites the centaur.
The centaur shoots an arrow.
The arrow barely misses you.
Your ball python bites the centaur but does no damage.
Casting: Sticks to Snakes (safe; 5% risk of failure)
Confirm with . or Enter, or press ? or * to list all spells.
You create a snake!
You now have 25 arrows.
The centaur shoots an arrow.
The arrow hits you!
* * * LOW HITPOINT WARNING * * *
Your ball python bites the centaur but does no damage.
The centaur shoots an arrow.
The arrow hits your ball python!
Your ball python dies!
Your ball python bites the centaur but does no damage.
The centaur shoots an arrow.
The arrow hits you!
You die...

#################
###................ #########
#...#.......#...... #.......#
#...##......#.....#
#.......####..(.##.....#....##
#................##....#...##.
#.............>...##...#..##..
####..................##..#.##...
................@S.....######....
................((......#...#....
...............(S(#######._.#####
.................c......+...#....
...............###......######...
....###.#....#.........##.#..##..
####.<..#.............##..#...##.
###.###.............##...#....##
##...# #............##....#.)...#


You could see a centaur and 2 friendly ball pythons.

Vanquished Creatures
  2 adders (D:2)
  An ooze (D:2)
  A worm (D:3)
  A dart slug (D:3)
  A leopard gecko (D:1)
  4 orcs (D:3)
  A ball python (D:2)
  6 giant cockroaches
  9 goblins
  7 hobgoblins
  6 jackals
  7 kobolds
  4 quokkas
  14 bats
  6 frilled lizards
  14 rats
84 creatures vanquished.

Vanquished Creatures (collateral kills)
  A leopard gecko (D:1)
  2 jackals (D:1)
  A kobold (D:1)
  2 rats (D:1)
6 creatures vanquished.

Grand Total: 90 creatures vanquished

Notes
Turn   | Place    | Note
-------+----------+-------------------------------------------
     0 | D:1      | erker the Octopode Transmuter began the quest for the Orb.
     0 | D:1      | Reached XP level 1. HP: 13/13 MP: 3/3
    56 | D:1      | Reached XP level 2. HP: 12/18 MP: 3/5
   165 | D:1      | Learned a level 2 spell: Sticks to Snakes
   397 | D:1      | Reached XP level 3. HP: 6/23 MP: 2/6
  1163 | D:2      | Found a hide-covered altar of Uskayaw.
  1225 | D:2      | Found a deep blue altar of Sif Muna.
  1251 | D:2      | Reached XP level 4. HP: 28/28 MP: 8/8
  1281 | D:2      | Learned a level 4 spell: Ice Form
  1383 | D:2      | Found a snail-covered altar of Cheibriados.
  1403 | D:2      | Became a worshipper of Cheibriados the Contemplative
  1441 | D:2      | Reached skill level 1 in Ice Magic
  1469 | D:2      | Found an opulent altar of Gozag.
  1708 | D:3      | Found a shattered altar of Ashenzari.
  1710 | D:3      | Reached * piety under Cheibriados
  1863 | D:3      | Reached XP level 5. HP: 30/33 MP: 9/9
  1931 | D:3      | Found a hazy altar of Hepliaklqana.
  2142 | D:3      | Noticed a centaur
  2154 | D:3      | Shot with an arrow by a centaur

Skill      XL: |  1  2  3  4 |
---------------+-------------+-----
Transmutations | 3 |  3.3
Ice Magic      | 2 |  2.4
Fighting       | |  1.0
Dodging        | |  2.0
Unarmed Combat | |  3.2
Spellcasting   | |  2.8

Action                   |  1- 3 |  4- 6 || total
-------------------------+-------+-------++-------
Melee: Unarmed           |    97 |    90 ||   187
       Constrict         |    28 |    25 ||    53
       Kick              |    12 |    20 ||    32
       Tentacles         |    14 |    13 ||    27
       Punch             |     2 |     1 ||     3
 Cast: Beastly Appendage |    20 |    20 ||    40
       Sticks to Snakes  |     1 |     5 ||     6
  Use: Potion            |       |     2 ||     2
 Stab: Sleeping          |     5 |     2 ||     7
  Eat: Chunk             |     1 |     3 ||     4
Armor: Skin              |    21 |    20 ||    41
Dodge: Dodged            |    77 |    56 ||   133
